 Dungeon Crawl Stone Soup version 0.23.0 (webtiles) character file.

Game seed: 10780418340935063879

107 Kairos the Skirmisher (level 4, -6/24 HPs)
             Began as a Vine Stalker Fighter on Feb 12, 2019.
             Killed by divine providence
             ... invoked by an orc priest
              (12 damage)
             ... on level 3 of the Dungeon.
             The game lasted 00:02:12 (1692 turns).

Kairos the Skirmisher (Vine Stalker Fighter)        Turns: 1692, Time: 00:02:13

Health: -6/24      AC:  7    Str: 20    XL:     4   Next: 85%
Magic:  0/5        EV:  7    Int:  8    God:
Gold:   108        SH:  9    Dex: 13    Spells: 3/3 levels left

rFire    + . .     SeeInvis .   a - +0 war axe
rCold    x . .     Gourm    .   c - +0 shield
rNeg     . . .     Faith    .   b - +0 scale mail
rPois    .         Spirit   +   (no helmet)
rElec    .         Reflect  .   (no cloak)
rCorr    .         Harm     .   (no gloves)
MR       .....                  n - +0 pair of boots
Stlth    ..........             (no amulet)
HPRegen  0.48/turn              h - ring of fire
MPRegen  0.09/turn              (no ring)

@: no status effects
A: fangs 2, regeneration 1, magic shield, antimagic bite, no potion heal 3, rot
immunity
a: no special abilities


You were on level 3 of the Dungeon.
You were not hungry.

You visited 1 branch of the dungeon, and saw 3 of its levels.

You collected 108 gold pieces.

Inventory:

Hand Weapons
 a - a +0 war axe (weapon)
Missiles
 j - 4 tomahawks (quivered)
 o - 8 javelins
Armour
 b - a +0 scale mail (worn)
 c - a +0 shield (worn)
 n - a +0 pair of boots (worn)
Jewellery
 h - a ring of fire (left hand)
Scrolls
 e - a scroll of amnesia {unknown}
 g - a scroll of immolation {unknown}
 i - a scroll of fear
 k - a scroll of teleportation
 l - 2 scrolls of noise {unknown}
 m - a scroll of fog {unknown}
 p - a scroll of random uselessness {unknown}
 q - a scroll of remove curse
 s - a scroll of identify
Potions
 d - a potion of might
Comestibles
 f - 3 rations


   Skills:
 + Level 3.2 Fighting
 + Level 2.8 Axes
 + Level 3.0 Armour
 + Level 0.2 Dodging
 + Level 0.1 Stealth
 + Level 3.2 Shields


You had 3 spell levels left.
You didn't know any spells.
Your spell library was empty.

Dungeon Overview and Level Annotations

Branches:
Dungeon (3/15)

Altars:
Elyvilon
Qazlal
The Shining One

Annotations:
D:3 Grinder, Jessica


Innate Abilities, Weirdness & Mutations

You have extremely sharp teeth.
Your natural rate of healing is unusually fast.
When hurt, damage is shared between your health and your magic reserves.
Your bite disrupts and absorbs the magic of your enemies.
Potions cannot restore your health.
You are immune to rotting.


Message History

Unknown command.
You are too injured to fight recklessly!
You slash the orc priest!
You bite the orc priest, but do no damage.
The orc priest is heavily wounded.
You closely miss the orc. The orc completely misses you.
The orc priest hits you but does no damage.
The orc hits you from afar with a +0 trident.
* * * LOW HITPOINT WARNING * * *
Jessica casts a spell.
Jessica blinks!
The orc barely misses you.
You hit the orc priest.
You bite the orc priest, but do no damage.
The orc priest is severely wounded.
You closely miss the orc priest. You closely miss the orc.
The orc priest hits you but does no damage.
The orc priest calls down the wrath of Beogh upon you.
Beogh smites you!
Ouch! That really hurt!
You die...

..........
#..#####.#
#.....#. ...
#........# ...
#..#####.#
5....###..#####.#
.............##.#
.....###..##.##.#
..........##.##.#
...........ยง.....
......o@.....##.#
......oo........
....#o...###.##.
.....o.... ...
#...#....#. ##.
......@.....
....#....# ##
....#....#


You could see Grinder, 2 orc priests, Jessica and 3 orcs.

Vanquished Creatures
  4 adders (D:2)
  A dart slug (D:1)
  3 leopard geckos (D:1)
  11 bats
  5 giant cockroaches
  4 goblins
  11 hobgoblins
  3 jackals (D:3)
  8 kobolds
  A quokka (D:2)
  2 frilled lizards (D:1)
  6 rats
59 creatures vanquished.

Notes
Turn   | Place    | Note
-------+----------+-------------------------------------------
     0 | D:1      | Kairos the Vine Stalker Fighter began the quest for the
                  | Orb.
     0 | D:1      | Reached XP level 1. HP: 11/11 MP: 2/2
    92 | D:1      | Reached XP level 2. HP: 15/16 MP: 3/3
   266 | D:1      | Reached XP level 3. HP: 13/20 MP: 4/4
   452 | D:1      | Found a glowing golden altar of the Shining One.
  1096 | D:2      | Noticed a water elemental
  1098 | D:2      | Found a stormy altar of Qazlal.
  1103 | D:2      | Gained mutation: Your natural rate of healing is unusually
                  | fast. [Vine Stalker growth]
  1103 | D:2      | Reached XP level 4. HP: 24/24 MP: 5/5
  1173 | D:2      | Found a white marble altar of Elyvilon.
  1209 | D:2      | Noticed an air elemental
  1212 | D:2      | Noticed an earth elemental
  1212 | D:2      | Noticed a fire elemental
  1686 | D:3      | Noticed Jessica
  1688 | D:3      | Noticed Grinder
  1692 | D:3      | Killed from afar by an orc priest

Skill      XL: |  1  2  3  4 |
---------------+-------------+-----
Fighting       | 3 |  3.2
Axes           | 2 |  2.8
Shields        | 3 |  3.2
Armour         | 3 |  3.0
Dodging        | |  0.2
Stealth        | |  0.1

Action                   |  1- 3 |  4- 6 || total
-------------------------+-------+-------++-------
Melee: War axe           |    86 |    51 ||   137
       Bite              |    13 |    14 ||    27
  Use: Scroll            |     3 |     1 ||     4
  Eat: Chunk             |       |     3 ||     3
Armor: Scale mail        |    46 |    32 ||    78
Dodge: Dodged            |    46 |    18 ||    64
Block: Shield            |    49 |    30 ||    79
